 Dungeon Crawl Stone Soup version 0.32-a0-571-gec57dfcd37 (webtiles) character file.

Game seed: 14324479677247515553

1301 dolemite99 the Gusty (level 8, 0/58 HPs)
             Began as a Coglin Alchemist on Mar 1, 2024.
             Succumbed to an orc wizard's poison
             ... on level 6 of the Dungeon.
             The game lasted 00:09:07 (10369 turns).

dolemite99 the Gusty (Coglin Alchemist)            Turns: 10369, Time: 00:09:07

Health: 0/58       AC:  5    Str:  9    XL:     8   Next: 57%
Magic:  2/10       EV: 13    Int: 17    God:
Gold:   273        SH:  0    Dex: 14    Spells: 2/10 levels left

rFire   . . .        r - +3 short sword (elec) {Elena}
rCold   . . .        h - +0 dagger (vamp) {Tiedemann}
rNeg    . . .        a - +0 robe
rPois   .            (no helmet)
rElec   .            (no cloak)
rCorr   .            q - +2 pair of gloves
SInv    .            (no boots)
Will    .....        (amulet unavailable)
Stlth   ++           (ring unavailable)
HPRegen 0.29/turn    (ring unavailable)
MPRegen 0.12/turn    (no gizmo)

%: no passive effects
@: lethally poisoned (0 -> -6), on berserk cooldown, slowed, revving, very slow
A: off-hand wielding, slow wielding, warmup strikes, no jewellery
a: Invent Gizmo


You were on level 6 of the Dungeon.
You visited 1 branch of the dungeon, and saw 6 of its levels.

You collected 273 gold pieces.

Inventory:

Hand Weapons
 c - a +0 dagger {Hachiro}
 e - a +0 club
 h - a +0 vampiric dagger (offhand) {Tiedemann}
 r - a +3 short sword of electrocution (weapon) {Elena}
Missiles
 j - 13 poisoned darts
Armour
 a - a +0 robe (worn)
 q - a +2 pair of gloves (worn)
Magical Staves
 b - a staff of earth
Wands
 l - a wand of acid (2)
 m - a wand of charming (11)
Scrolls
 d - a scroll of teleportation
 i - a scroll of enchant armour
Potions
 f - 2 potions of heal wounds {unknown}
 g - a potion of resistance {unknown}
 k - a potion of might {unknown}
 o - 4 potions of brilliance
 u - a potion of haste {unknown}


   Skills:
 - Level 3.1 Fighting
 + Level 4.4 Dodging
 - Level 1.5 Stealth
 - Level 1.7 Spellcasting
 - Level 2.9 Conjurations
 + Level 5.0 Air Magic
 - Level 2.5 Earth Magic
 - Level 4.9 Alchemy
 - Level 2.8 Evocations


You had 2 spell levels left.
You knew the following spells:

 Your Spells              Type           Power      Damage    Failure   Level
a - Sting                 Conj/Alch      56%        1d6       4%          1
b - Mercury Vapours       Alch/Air       36%        N/A       3%          2
c - Mephitic Cloud        Conj/Alch/Air  16%        N/A       11%         3
d - Blink                 Tloc           2%         N/A       30%         2

Your spell library contained the following spells:

 Spells                   Type           Power      Damage    Failure   Level
 Momentum Strike          Conj/Tloc      12%        3d8       17%         2
 Slow                     Hex            4%         N/A       21%         1
 Lesser Beckoning         Tloc           2%         N/A       30%         2
 Olgreb's Toxic Radiance  Alch           18%        N/A       26%         4
 Confusing Touch          Hex            1%         N/A       52%         3
 Sigil of Binding         Hex            1%         N/A       52%         3
 Vampiric Draining        Necr           1%         2d6       52%         3
 Summon Lightning Spire   Summ/Air       10%        N/A       56%         4
 Sticky Flame             Fire/Alch      9%         2d5       58%         4
 Animate Armour           Summ/Erth      10%        N/A       75%         4
 Lee's Rapid Deconstruct  Erth           5%         3d6*      89%         5


Dungeon Overview and Level Annotations

Branches:
Dungeon (6/15)
 Temple: D:4-7

Altars:


Innate Abilities, Weirdness & Mutations

You can wield a second weapon in your off-hand.
It takes a long time for you to wield or remove held weapons.
Your first few attacks do less damage.
You cannot equip rings or amulets.


Message History

Aim: an orc, wielding a +0 hand axe, wearing a +0 leather armour and quivering boomerangs (chance to weaken: 100%) Fumes of mercury billow around the orc!
The orc is poisoned.
The orc looks weaker.
You feel extremely sick. Something hits you.
The orc throws a boomerang.
The boomerang hits you.
You closely miss something with your +0 vampiric dagger.
You hit something with your +3 short sword of electrocution.
Reactivating autopickup.
You feel a bit more experienced.
* * * LOW HITPOINT WARNING * * *
You feel very sick.
The orc throws a boomerang.
The boomerang hits you but does no damage.
* * * LOW HITPOINT WARNING * * *
You feel very sick. The orc misses you.
Items here: )))) [[[ †††.
You hit the orc but do no damage.
The orc is heavily wounded.
You hit the orc with your +3 short sword of electrocution.
You kill the orc!
* * * LOW HITPOINT WARNING * * *
You feel very sick.
It was a potion of berserk rage.
A red film seems to cover your vision as you go berserk!
You feel yourself moving faster!
You feel mighty!
* * * LOW HITPOINT WARNING * * *
You feel very sick.
You are too berserk!
You feel a strong urge to attack something.
* * * LOW HITPOINT WARNING * * *
You feel sick.
* * * LOW HITPOINT WARNING * * *
You feel sick.
You feel your anger nearly subside.
You are no longer berserk.
You are exhausted.
You feel yourself slow down.
* * * LOW HITPOINT WARNING * * *
You feel sick.
You die...

..# ...... ... ######
#.################## #
#.....)@...........#####
##################...†..
####### # # # # # #


There were no monsters in sight!

Vanquished Creatures
  2 water moccasins (D:5)
  2 black bears (D:5)
  A phantom (D:5)
  A bullfrog (D:6)
  3 wights (D:6)
  3 jellies
  2 bombardier beetles (D:5)
  2 sleepcaps
  5 iguanas
  4 orc wizards
  A gnoll (D:1)
  6 adders
  2 white imps (D:6)
  2 ufetubi (D:6)
  2 dart slugs
  19 orcs
  3 ball pythons
  4 endoplasms
  3 giant cockroaches
  10 goblins
  8 hobgoblins
  5 jackals
  11 kobolds
  5 quokkas
  5 bats
  2 frilled lizards (D:2)
  7 rats
120 creatures vanquished.

Notes
Turn   | Place    | Note
-------+----------+-------------------------------------------
     0 | D:1      | dolemite99 the Coglin Alchemist began the quest for the
                  | Orb.
     0 | D:1      | Reached XP level 1. HP: 13/13 MP: 3/3
    20 | D:1      | Reached skill level 1 in Conjurations
   629 | D:1      | Reached XP level 2. HP: 19/19 MP: 0/4
  1222 | D:1      | Reached XP level 3. HP: 24/24 MP: 0/5
  3001 | D:2      | Reached XP level 4. HP: 30/30 MP: 4/6
  3420 | D:2      | Learned a level 2 spell: Mercury Vapours
  3962 | D:3      | Reached skill level 1 in Air Magic
  4743 | D:3      | Reached XP level 5. HP: 34/35 MP: 3/7
  4935 | D:3      | Reached skill level 2 in Air Magic
  6276 | D:5      | Entered Level 5 of the Dungeon
  6286 | D:5      | Noticed a black bear
  6299 | D:5      | HP: 1/35 [black bear (5)]
  6301 | D:5      | Killed a black bear
  6302 | D:5      | Reached skill level 3 in Air Magic
  6511 | D:5      | Noticed a phantom
  6517 | D:5      | Killed a phantom
  6518 | D:5      | Reached XP level 6. HP: 41/41 MP: 8/8
  6731 | D:5      | Learned a level 3 spell: Mephitic Cloud
  7190 | D:5      | Reached skill level 1 in Fighting
  7304 | D:5      | Noticed a black bear
  7506 | D:5      | Reached skill level 1 in Earth Magic
  7623 | D:5      | Killed a black bear
  7624 | D:5      | Reached XP level 7. HP: 51/51 MP: 9/9
  8492 | D:5      | Learned a level 2 spell: Blink
  9312 | D:6      | Reached XP level 8. HP: 57/58 MP: 2/10
  9455 | D:6      | Reached skill level 4 in Air Magic
 10353 | D:6      | Reached skill level 5 in Air Magic
 10369 | D:6      | Succumbed to an orc wizard's poison

Illustrated notes

Levels and vault maps discovered:
D:1:      amcnicky_arrival_double_pillar, layout_rooms,
          chequers_decorated_corner
D:2:      layout_basic, lexackson_kobold_supper
D:3:      wad_lake_hut, layout_basic
D:4:      layout_basic
D:5:      wander_river, layout_rooms
D:6:      layout_loops_ring

Skill      XL: |  1  2  3  4  5  6  7  8 |
---------------+-------------------------+-----
Conjurations   | 1 2 |  2.9
Alchemy        | 4 |  4.9
Air Magic      | 1 3 5 |  5.0
Evocations     | 2 |  2.8
Fighting       | 2 3 |  3.1
Earth Magic    | 1 2 |  2.5
Dodging        | 3 4 |  4.4
Stealth        | |  1.5
Spellcasting   | |  1.7

Action                     |  1- 3 |  4- 6 |  7- 9 || total
---------------------------+-------+-------+-------++-------
  Melee: Unarmed           |     2 |       |       ||     2
         Dagger            |    19 |    38 |    79 ||   136
         Short sword       |       |    24 |    86 ||   110
  Throw: Dart              |       |     2 |       ||     2
   Cast: Sting             |    74 |    82 |    39 ||   195
         Mercury Vapours   |       |    12 |    26 ||    38
  Evoke: Wand              |       |     5 |       ||     5
    Use: Potion            |     1 |     3 |     3 ||     7
         Scroll            |       |     9 |     3 ||    12
 Armour: Robe              |    25 |    60 |    89 ||   174
  Dodge: Dodged            |    38 |    56 |    73 ||   167

Table legend: (Time is in decaauts)
 A = Elapsed time spent in this place.
 B = Non-inter-level travel time spent in this place.
 C = Inter-level travel time spent in this place.
 D = Time resting spent in this place.
 E = Time spent auto-exploring this place.
 F = Levels seen in this place.
 G = Mean time per level.
                   A        B        C        D        E       F      G
               +--------+--------+--------+--------+--------+-----+--------+
         Total |  10446 |  10289 |    157 |   5738 |   3388 |   6 | 1741.0 |
       Dungeon |  10446 |  10289 |    157 |   5738 |   3388 |   6 | 1741.0 |
               +--------+--------+--------+--------+--------+-----+--------+

Top non-repeatable levels by time:
     D:5: 2914 daAuts
     D:1: 2005 daAuts
     D:2: 1908 daAuts
     D:3: 1771 daAuts
     D:6: 1065 daAuts
     D:4: 780 daAuts
